 Dungeon Crawl Stone Soup version 0.29.1-13-g9f3cf754e1 (webtiles) character file.

Game seed: 1785597985913480017

2096 bubby the Cleaver (level 9, -13/43 HPs)
             Began as a Vine Stalker Fighter on Jan 27, 2023.
             Mangled by an ogre
             ... wielding a +0 glaive
              (22 damage)
             ... in a bailey.
             The game lasted 00:16:39 (4592 turns).

bubby the Cleaver (Vine Stalker Fighter)            Turns: 4592, Time: 00:16:40

Health: -13/43     AC:  6    Str: 28    XL:     9   Next: 27%
Magic:  0/10       EV: 10    Int:  8    God:
Gold:   415        SH:  0    Dex: 15    Spells: 8/8 levels left

rFire   . . .      SeeInvis .   a - +0 war axe
rCold   . . .      Faith    .   (no shield)
rNeg    + . .      Spirit   +   b - +0 scale mail
rPois   .          Reflect  .   (no helmet)
rElec   .          Harm     .   (no cloak)
rCorr   .          Rampage  .   (no gloves)
Will    +....                   (no boots)
Stlth   ..........              k - amulet of regeneration
HPRegen 1.74/turn               e - ring of positive energy
MPRegen 0.12/turn               x - +6 ring of strength

@: no status effects
A: fangs 3, regeneration 1, magic shield, antimagic bite, no potion heal 2
a: no special abilities


You were in a bailey.
You visited 1 branch of the dungeon, and saw 7 of its levels.
You also visited: Sewer and Bailey.

You collected 415 gold pieces.

Inventory:

Hand Weapons
 a - a +0 war axe (weapon)
 l - a +1 dagger of draining
Armour
 b - a +0 scale mail (worn)
 o - a +1 robe of cold resistance
 s - a +0 tower shield
Jewellery
 e - a ring of positive energy (left hand)
 k - an amulet of regeneration (around neck)
 x - a +6 ring of strength (right hand)
Wands
 h - a wand of flame (41)
 q - a wand of light (11)
Scrolls
 c - 2 scrolls of teleportation {unknown}
 m - a scroll of immolation
 r - 2 scrolls of identify
 y - a scroll of fear {unknown}
 B - a scroll of acquirement {unknown}
 C - 3 scrolls of blinking {unknown}
 D - a scroll of noise {unknown}
 E - 2 scrolls of enchant weapon {unknown}
Potions
 d - 4 potions of might
 f - a potion of brilliance {unknown}
 g - 2 potions of resistance
 i - 2 potions of attraction
 j - 3 potions of lignification
 n - 3 potions of curing {unknown}
 p - a potion of mutation {unknown}
 t - 3 potions of haste {unknown}
 u - a potion of cancellation
 v - a potion of magic
 z - 3 potions of ambrosia {unknown}
 A - 2 potions of degeneration {unknown}


   Skills:
 - Level 2.6 Fighting
 + Level 11.1 Axes
 - Level 2.4 Armour
 - Level 2.6 Shields


You had 8 spell levels left.
You didn't know any spells.
Your spell library contained the following spells:

 Spells                   Type           Power      Damage    Failure   Level
 Sting                    Tmut/Pois      0%         1d3       67%         1
 Poisonous Vapours        Pois/Air       0%         N/A       82%         2
 Call Canine Familiar     Summ           0%         N/A       96%         3
 Portal Projectile        Hex/Tloc       0%         N/A       96%         3
 Leda's Liquefaction      Hex/Erth       0%         N/A       100%        4
 Olgreb's Toxic Radiance  Pois           0%         N/A       100%        4


Dungeon Overview and Level Annotations

Branches:
Dungeon (7/15)             Temple (0/1) D:7           Sewer (visited)
 Bailey (1/1)

Altars:
Fedhas
Gozag
Uskayaw
Xom
Yredelemnul

Shops:
D:6 [(=

Annotations:
D:4 1 runed translucent door, Crazy Yiuf
D:6 3 runed translucent doors, BigMalone's ghost, novice MiFi


Innate Abilities, Weirdness & Mutations

You have razor-sharp teeth.
Your natural rate of healing is unusually fast.
When hurt, damage is shared between your health and your magic reserves.
Your bite disrupts and absorbs the magic of your enemies.
Potions cannot restore your health.


Message History

The ogre misses you.
You slash the ogre! You bite the ogre, but do no damage.
The ogre is moderately wounded.
The ogre hits you with a +0 halberd!
You slash the ogre! You bite the ogre.
You kill the ogre!
Your Axes skill increases to level 11!
No target in view!
HP restored.
Magic restored.
You enter the shallow water.
Moving in this stuff is going to be slow.
An ogre comes into view. It is wielding a +0 glaive.
The ogre shouts!
The ogre moves out of view.
An ogre is nearby! 2 ogres come into view.
The ogre shouts!
The ogre misses you.
You slice the ogre!! You bite the ogre!
You kill the ogre!
The ogre hits you from afar with a +0 glaive!
You see here a +0 glaive.
The ogre barely misses you.
A spriggan comes into view. It is wielding a +0 spear.
The ogre hits you with a +0 glaive!
You are too injured to fight recklessly!
You are too injured to fight recklessly!
The spriggan shouts!
You slash the ogre! You bite the ogre! You drain its power.
You feel invigorated.
The ogre is almost dead.
You barely miss the ogre. You barely miss the ogre. Your bite misses the ogre.
The ogre is almost dead.
You barely miss the ogre. The ogre hits you with a +0 halberd!!
* * * LOW HITPOINT WARNING * * *
The ogre hits you with a +0 glaive!!
Ouch! That really hurt!
You die...

#..~~~......#
#..~~~......#
#..~~~).....#
#..~~~..∩...#
##..###.....##
##..## #.....#
♣♣..## ##...##
..####♣##..##
##.##
#..i..O@).##
###
##....O..##
#########


You could see 2 ogres and a spriggan.

Vanquished Creatures
  Menkaure (D:6)
  A water moccasin (D:5)
  2 black bears (D:5)
  Pargi (Sewer)
  5 ogres
  A phantom (D:5)
  A centaur (D:6)
  3 necrophages
  A bullfrog (D:4)
  2 scorpions
  An orc priest (D:5)
  A jelly (D:4)
  A gnoll bouda (D:4)
  Terence (D:3)
  4 iguanas
  5 orc wizards
  3 gnolls (D:5)
  11 adders
  A shadow imp (D:5)
  2 white imps
  5 ufetubi
  A worm (D:2)
  2 dart slugs (D:1)
  17 orcs
  5 bats
  13 endoplasms
  8 giant cockroaches
  10 goblins
  9 hobgoblins
  2 jackals (D:1)
  6 quokkas
  8 ball pythons
  9 frilled lizards
  9 kobolds
  5 rats
157 creatures vanquished.

Notes
Turn   | Place    | Note
-------+----------+-------------------------------------------
     0 | D:1      | bubby the Vine Stalker Fighter began the quest for the Orb.
     0 | D:1      | Reached XP level 1. HP: 11/11 MP: 2/2
    18 | D:1      | Reached skill level 2 in Axes
    66 | D:1      | Reached XP level 2. HP: 16/16 MP: 3/3
   182 | D:1      | Found a faded altar of an unknown god.
   365 | D:1      | Reached skill level 3 in Axes
   367 | D:1      | Reached XP level 3. HP: 13/19 MP: 2/4
  1102 | D:2      | Gained mutation: Your natural rate of healing is unusually
                  | fast. [Vine Stalker growth]
  1102 | D:2      | Reached XP level 4. HP: 23/23 MP: 5/5
  1325 | D:2      | Reached skill level 4 in Axes
  1394 | D:2      | Found a shimmering altar of Xom.
  1733 | D:3      | Found a blossoming altar of Fedhas.
  1744 | D:3      | Reached XP level 5. HP: 24/27 MP: 4/6
  1867 | D:3      | Noticed Terence
  1886 | D:3      | Killed Terence
  1887 | D:3      | Reached skill level 5 in Axes
  2238 | D:4      | Reached XP level 6. HP: 29/32 MP: 3/7
  2457 | D:4      | Found a hide-covered altar of Uskayaw.
  2487 | D:4      | Reached skill level 6 in Axes
  2489 | D:4      | Found a glowing drain.
  2502 | Sewer    | Entered a sewer
  2541 | Sewer    | Noticed Pargi
  2548 | Sewer    | Killed Pargi
  2751 | D:4      | Reached XP level 7. HP: 28/35 MP: 5/8
  2879 | D:4      | Reached skill level 7 in Axes
  3014 | D:4      | Found a runed translucent door.
  3015 | D:4      | Noticed Crazy Yiuf
  3041 | D:5      | Entered Level 5 of the Dungeon
  3158 | D:5      | Reached skill level 8 in Axes
  3207 | D:5      | Gained mutation: You have razor-sharp teeth. [Vine Stalker
                  | growth]
  3207 | D:5      | Reached XP level 8. HP: 34/39 MP: 9/9
  3239 | D:5      | Reached skill level 9 in Axes
  3581 | D:5      | Found a basalt altar of Yredelemnul.
  3811 | D:5      | Found an opulent altar of Gozag.
  3917 | D:6      | Found Caixuriolo's Jewellery Boutique.
  3937 | D:6      | Found a runed translucent gate.
  3937 | D:6      | Found a runed translucent gate.
  3937 | D:6      | Found a runed translucent gate.
  3938 | D:6      | Noticed BigMalone's ghost (novice MiFi)
  3981 | D:6      | Reached skill level 10 in Axes
  4058 | D:6      | Found Qoggimum's Antique Weapon Boutique.
  4145 | D:6      | Noticed Menkaure
  4162 | D:6      | Killed Menkaure
  4163 | D:6      | Reached XP level 9. HP: 30/43 MP: 6/10
  4203 | D:6      | Found Lazxiurriko's Armour Shop.
  4485 | D:7      | Found a flagged portal.
  4536 | Bailey   | Entered a bailey
  4552 | Bailey   | Reached skill level 11 in Axes
  4592 | Bailey   | Mangled by an ogre

Illustrated notes

Levels and vault maps discovered:
D:1:      zelgadis_glass_arrival_small, layout_basic, serial_glass,
          glass_columns_a, glass_columns_a, dreamdust_ecumenical_altar_statues,
          minmay_bisected
D:2:      layout_loops_ring, basic_altar, minmay_distorted
D:3:      layout_basic, nicolae_overflow_crystal_walls, uniq_terence
D:4:      layout_rooms, eat_drink_and_be_merry_uskayaw, portal_sewer_entry_a,
          minmay_divided_ellipse, uniq_crazy_yiuf_cottage
D:5:      layout_basic, nicolae_gozag_seed_capital, mainiacjoe_overflow_brackets
D:6:      layout_cave_pools, serial_shops, nicolae_shop_hallway_stairs,
          nicolae_shop_temple_entry_statues_fountains, shop_coins,
          ebering_ghost_rock_garden, uniq_menkaure
D:7:      layout_loops_cross, minmay_temple_entry_stoned_glass, enter_bailey_8,
          roderic_serpentine_path
Bailey:   bailey_polearm_enchanted_keep_hellmonk, bailey

Skill      XL: |  1  2  3  4  5  6  7  8  9 |
---------------+----------------------------+-----
Axes           | 2 3 4 5 6 8 10 11 | 11.1
Fighting       | |  2.6
Armour         | |  2.4
Shields        | |  2.6

Action                   |  1- 3 |  4- 6 |  7- 9 || total
-------------------------+-------+-------+-------++-------
Melee: War axe           |    68 |   151 |   135 ||   354
       Bite              |    13 |    32 |    39 ||    84
       Punch             |     1 |     1 |     1 ||     3
  Use: Scroll            |       |     9 |     1 ||    10
       Potion            |       |     1 |       ||     1
Armor: Scale mail        |    31 |    71 |    70 ||   172
Dodge: Dodged            |    28 |    69 |    87 ||   184
Block: Buckler           |     1 |       |       ||     1
